cohdb
Replays
Latest Replays
All Replays
Popular Replays
Top Player Replays
Match Explorer
How It Works
Community
CoH3 Stats
Reddit
Sign in to upload your games and track your stats! →
Sign in with Steam
Match 25333221
Unlisted
Match 25333221
Overview
Messages
Build Orders
End
Construct Infanterie Kompanie
Selects Breakthrough Battlegroup
Selects Assault Grenadiers
Grenadier Squad
MG 42 Machine Gun Team
Grenadier Squad
Medical Station
Construct Panzergrenadier Kompanie
Selects Rapid Production
251 Medium Carrier
MG 42 Machine Gun Team
Pak 40 Anti-tank Gun Team
Selects Smoke Bombing Run
Grenadier Squad
Grenadier Squad
Construct Panzer Kompanie
General_Watcher
Fer-MEGASIM (Bity)
Inkredyble
Jonatanga
Eber
PAUG.S®
0
0
Comments
sign in to comment!
No comments posted yet!